AoeStats
← chenya_ko

Arabia

507864952Analyzed
1v1 RM · 14d ago on Sep 20, 2026· 29m 25s· 2 players
Game mode
Random Map
Map size
Tiny (2 player)
Population
200
Speed
Normal
Resources
Standard
Victory
Conquest
Starting age
Dark Age
Ending age
Imperial Age
RankedLock teamsTeams togetherTeam positionsShared explorationLock speedFull tech treeHidden civsTurbo modeCheats
Victory
Defeat
🇨🇴 Berbers · Colombia
1096
+16
🇹🇼 Japanese · Taiwan
1088
-16
chenya_ko
2:14 Loom
10:06 Feudal Age
10:10 Man-at-Arms
13:11 Double-Bit Axe
17:10 Fletching
20:29 Wheelbarrow
26:00 Castle Age
23:51 Horse Collar
24:30 Scale Mail Armor
24:44 Padded Archer Armor
25:21 Forging
25:00 Arson
26:16 Long Swordsman
26:42 Gambesons
26:36 Elite Skirmisher
27:34 Squires
30:00 Iron Casting
alcar2415
8:50 Feudal Age
7:05 Loom
24:36 Castle Age
22:34 Double-Bit Axe
24:18 Bloodlines
24:22 Forging
25:02 Scale Barding Armor
24:50 Gold Mining
26:31 Chain Barding Armor
Connection lost

Rejoining the realm…

Still unreachable

The connection could not be restored.

Session expired

The server has moved on; the page needs a fresh start.